 Dungeon Crawl Stone Soup version 0.28.0-53-g5a82cb258f (webtiles) character file.

Game seed: 6779107864025291804

61541 unlimited1921 the Eclecticist (level 15, -8/111 HPs)
             Began as a Djinni Fire Elementalist on June 8, 2022.
             Was an Initiate of Gozag.
             Killed from afar by a deep elf knight (25 damage)
             ... with a shard of ice
             ... on level 2 of the Elven Halls.
             The game lasted 03:12:12 (26368 turns).

unlimited1921 the Eclecticist (DjFE)               Turns: 26368, Time: 03:12:17

Health: -8/111     AC: 13    Str: 13    XL:     15   Next: 42%
Gold:   1600       EV: 14    Int: 24    God:    Gozag SH: 14 Dex: 21

rFire   + + .      SeeInvis +   z - +1 hand crossbow
rCold   x . .      Faith    .   Z - +4 kite shield
rNeg    . . .      Spirit   .   P - +2 leather armour of Dramatic Exits {rPois Dex+4}
rPois   ∞          Reflect  .   s - +0 helmet
rElec   .          Harm     .   W - +2 cloak {rCorr}
rCorr   +          Rampage  .   H - +2 pair of gloves {Dex+3}
Will    +....                   (boots unavailable)
Stlth   +++.......              u - amulet of regeneration
HPRegen 1.08/turn               a - ring of see invisible
MPRegen 0.00/turn               Q - ring "Niolem" {MP+9 Str+6}

@: flying, studying Polearms
A: sickness immunity, fire resistance 2, cold vulnerability 1, float, innate
caster, HP casting, extra vitality 1
a: Renounce Religion, Potion Petition, Call Merchant, Bribe Branch


You were on level 2 of the Elven Halls.
You worshipped Gozag.
Gozag was most pleased with you.
You visited 4 branches of the dungeon, and saw 16 of its levels.

You collected 4875 gold pieces.
You spent 3198 gold pieces at shops.
You paid 77 gold pieces to Gozag.

Inventory:

Hand Weapons
 o - a +0 arbalest
 z - a +1 hand crossbow (weapon)
 E - the +4 hand axe of Xowicsao {drain, rN+ Will+}
   (You found it on level 11 of the Dungeon)

   A truly terrible weapon, it drains the life of any living foe it strikes.
   rN:        It protects you from negative energy.
   Will:      It increases your willpower.
 I - a +2 long sword of protection
 K - the +6 flail "Pefarak" {elec, rF+ Dex+2}
   (You found it on level 2 of the Elven Halls)

   It occasionally discharges a powerful burst of electricity upon striking a
   foe.
   Dex:       It affects your dexterity (+2).
   rF:        It protects you from fire.
 X - the +9 war axe of the Final Chapter {vorpal, +Blink rF+ Dex+4 SInv}
   (You found it on level 9 of the Dungeon)

   It inflicts extra damage upon your enemies.
   Dex:       It affects your dexterity (+4).
   rF:        It protects you from fire.
   SInv:      It lets you see invisible.
   +Blink:    It lets you blink.
Missiles
 b - 186 bolts (quivered ammo)
 e - 308 stones
 n - 19 boomerangs
 p - a throwing net
 C - 2 boomerangs of dispersal
 T - 18 poisoned darts
Armour
 j - an orb of mayhem
 s - a +0 helmet (worn)
 H - a +2 pair of gloves of dexterity (worn)
 P - the +2 leather armour of Dramatic Exits (worn) {rPois Dex+4}
   (You found it on level 9 of the Dungeon)

   Dex:       It affects your dexterity (+4).
   rPois:     It protects you from poison.
 W - a +2 cloak of preservation (worn)
 Z - a +4 kite shield (worn)
Jewellery
 a - a ring of see invisible (left hand)
 u - an amulet of regeneration (around neck)
 y - a +4 ring of evasion
 Q - the ring "Niolem" (right hand) {MP+9 Str+6}
   (You found it on level 10 of the Dungeon)

   [ring of magical power]

   Str:       It affects your strength (+6).
   MP:        It affects your magic capacity (+9).
Wands
 g - a wand of flame (5)
 m - a wand of polymorph (11)
 q - a wand of iceblast (27)
 v - a wand of charming (20)
 R - a wand of acid (4)
Scrolls
 c - 4 scrolls of teleportation
 f - a scroll of enchant armour
 h - a scroll of silence
 i - a scroll of fog (quivered)
 l - a scroll of holy word
 x - 2 scrolls of magic mapping
 G - 3 scrolls of immolation
 M - a scroll of fear
 N - 3 scrolls of identify
 V - a scroll of amnesia {unknown}
Potions
 d - 3 potions of brilliance
 k - 3 potions of mutation
 r - 3 potions of might
 t - a potion of berserk rage
 w - 2 potions of lignification
 A - 2 potions of resistance
 B - 8 potions of curing
 D - 2 potions of attraction
 F - a potion of invisibility
 L - 4 potions of ambrosia
 O - 2 potions of cancellation {unknown}
 U - a potion of heal wounds
Miscellaneous
 J - a phantom mirror
 S - a condenser vane
 Y - a phial of floods


   Skills:
 * Level 11.2 Fighting
 + Level 4.9 Axes
 + Level 1.4 Crossbows
 + Level 4.8 Armour
 + Level 6.2 Dodging
 + Level 4.4 Stealth
 + Level 3.4 Shields
 + Level 16.2 Spellcasting
 + Level 0.1 Evocations


You had 8 spell levels left.
You knew the following spells:

 Your Spells              Type           Power      Damage    Failure   Level
a - Foxfire               Conj/Fire      100%       2x1d9     0%          1
b - Scorch                Fire           100%       2d10      1%          2
c - Conjure Flame         Conj/Fire      78%        6-21      1%          3
d - Inner Flame           Hex/Fire       78%        N/A       1%          3
e - Flame Wave            Conj/Fire      78%        2d14      1%          4
f - Freeze                Ice            100%       1d11      0%          1
g - Static Discharge      Conj/Air       78%        N/A       1%          2
h - Poisonous Vapours     Pois/Air       100%       N/A       1%          2
i - Hailstorm             Conj/Ice       78%        3d16      1%          4
j - Silence               Hex/Air        39%        N/A       1%          5
k - Lee's Rapid Deconstr  Erth           39%        3d20*     1%          5
l - Simulacrum            Ice/Necr       39%        N/A       1%          6
Your spell library was empty.

Dungeon Overview and Level Annotations

Branches:
Dungeon (11/15)            Temple (1/1) D:5            Lair (0/6) D:9
    Orc (2/2) D:11            Elf (2/3) Orc:2

Altars:
Ashenzari
Cheibriados
Dithmenos
Elyvilon
Fedhas
Gozag
Hepliaklqana
Kikubaaqudgha
Makhleb
Nemelex Xobeh
Okawaru
Qazlal
Ru
Sif Muna
Trog
Uskayaw
Vehumet
Wu Jian
Xom
Yredelemnul
Zin
The Shining One
Beogh

Shops:
D:6 *   D:11 (   Orc:2 !:![

Annotations:
D:10 1 runed translucent door, Zeld's ghost, journeyman MiFi
Elf:1 2 transporters, Brotato's ghost, adept SpEE


Innate Abilities, Weirdness & Mutations

You are immune to sickness and miasma.
You are immune to poison.
Your flesh is very heat resistant. (rF++)
You are vulnerable to cold. (rC-)
You float through the air rather than walking.
You learn spells naturally, not from books.
Your magical power is your life essence.
You have superior vitality. (+4 MHP)


Message History

Aiming: Inner Flame (safe; 1% risk of failure)
Press: ? - help, Dir - move target, f - deep elf knight, p - deep elf knight
Aim: a deep elf knight, wielding a +0 short sword and wearing a +0 leather armour (fast, chance to affect: 70%)
The deep elf knight is filled with an inner flame.
Casting: Inner Flame (safe; 1% risk of failure)
Confirm with . or Enter, or press ? or * to list all spells.
Aiming: Poisonous Vapours (safe; 1% risk of failure)
Press: ? - help, Dir - move target, f/p - deep elf knight
Aim: a deep elf knight, wielding a +0 short sword and wearing a +0 leather armour (fast, inner flame) Poisonous vapours surround the deep elf knight!
The deep elf knight is poisoned.
Flame seeps out of the deep elf knight.
The deep elf knight is engulfed in blazing flames.
Flame seeps out of the deep elf knight.
The deep elf knight casts a spell.
The deep elf knight flickers and vanishes for a moment.
Casting: Poisonous Vapours (safe; 1% risk of failure)
Confirm with . or Enter, or press ? or * to list all spells.
Aiming: Poisonous Vapours (safe; 1% risk of failure)
Press: ? - help, Dir - move target, f - deep elf knight, p - deep elf knight
Aim: a deep elf knight, wielding a +0 short sword and wearing a +0 robe (flame, fast, inner flame, slightly transparent) Poisonous vapours surround the deep elf knight!
The deep elf knight is poisoned.
Flame seeps out of the deep elf knight.
The deep elf knight is engulfed in blazing flames.
Flame seeps out of the deep elf knight.
The deep elf knight casts a spell at you.
The shard of ice hits you!!
You feel a painful chill!
Flame seeps out of the deep elf knight.
The deep elf knight is engulfed in blazing flames.
Flame seeps out of the deep elf knight.
The deep elf knight casts a spell at you.
The lance of force hits you!!
* * * LOW HITPOINT WARNING * * *
You are knocked back by the lance of force.
You slam into the tree!
* * * LOW HITPOINT WARNING * * *
The deep elf knight gestures at you while chanting.
The shard of ice misses the deep elf knight.
The shard of ice hits you!!
You feel a painful chill!
You die...
Your body crumbles into a pile of gold.

##### #...# ##### ####### #...###
##...## ##.....## ......#
##..♣..## ##.>.)...##
......######.......###.........#
......'.)..'>♣...♣.ee°.........##
#[..########.......###..)....e.$.
#...# #'..♣@.## #.........##
##'## #.##...## #.........# #.#
#.# ##'## ##.....).## #.# #.# #.#
##'<..).## #.# #.# #.# ##.###'###
#.# #.# #.# ##.## #.# #.# #.# #.#
##.## #.# #.##.# #.###.## #)#
##'#.# #.##.## #.....#


You could see 2 deep elf knights.

Vanquished Creatures
  Saint Roka (Orc:2)
  2 orc warlords (Orc:2)
  Josephine (Orc:2)
  Fannar (D:10)
  Snorg (Orc:2)
  5 two-headed ogres
  4 orc high priests (Orc:2)
  10 deep elf knights
  11 deep elf archers
  15 deep elf zephyrmancers
  4 orc knights
  6 orc sorcerers (Orc:2)
  13 deep elf pyromancers
  3 cyclopes
  A guardian serpent (shapeshifter) (Elf:1)
  Joseph (D:8)
  Maurice (D:9)
  8 trolls
  Prince Ribbit (D:8)
  2 hornets
  4 air elementals
  4 wraiths (Orc:2)
  A wyvern (D:8)
  2 water elementals (Elf:1)
  7 yaks
  A fire elemental (Elf:1)
  2 steam dragons
  Grum (D:9)
  3 vampire mosquitoes
  2 wargs (Orc:2)
  Edmund (D:6)
  Duvessa (D:7)
  An acid dragon (D:9)
  3 water moccasins
  An ice beast (D:5)
  43 orc warriors
  2 sky beasts (D:7)
  A black bear (D:5)
  A hornet zombie (D:9)
  14 ogres
  3 necrophages
  2 wolves (D:9)
  A centaur (D:9)
  A kobold brigand (D:11)
  4 bullfrogs
  2 gnoll sergeants
  2 wyvern zombies
  3 earth elementals (Elf:1)
  2 scorpions
  Dowan (D:7)
  21 killer bees
  9 wights
  4 howler monkeys
  A jelly (D:5)
  3 centaur zombies
  A centaur skeleton (D:6)
  32 orc priests
  A bullfrog skeleton (D:6)
  A hound (D:7)
  Jessica (D:3)
  4 iguanas
  18 orc wizards
  2 killer bee zombies
  A howler monkey zombie (D:9)
  Robin (D:3)
  5 adders
  9 gnolls
  A shadow imp (D:6)
  A white imp (D:7)
  An ufetubus (D:6)
  A worm (D:5)
  2 dart slugs
  99 orcs
  8 ball pythons
  8 endoplasms
  3 giant cockroaches (D:1)
  12 goblins
  5 hobgoblins
  2 jackals (D:3)
  7 quokkas
  8 bats
  6 frilled lizards
  11 kobolds
  5 rats
  A foxfire (Orc:2)
502 creatures vanquished.

Vanquished Creatures (collateral kills)
  5 yaks
  A vampire mosquito (D:8)
  A killer bee (D:11)
  A hound skeleton (D:4)
  3 gnolls
  A shadow imp (D:5)
  4 orcs
  3 goblins (D:3)
19 creatures vanquished.

Vanquished Creatures (others)
  6 dancing weapons
  A yak (D:9)
  A fire elemental (Elf:1)
  An orc wizard (D:7)
  An orc (D:6)
  658 foxfires
  A plant (Orc:2)
669 creatures vanquished.

Grand Total: 1190 creatures vanquished

Notes
Turn   | Place    | Note
-------+----------+-------------------------------------------
     0 | D:1      | unlimited1921 the Djinni Fire Elementalist began the quest
                  | for the Orb.
     0 | D:1      | Reached XP level 1. HP: 15/15 MP: 0/0
   653 | D:1      | Reached XP level 2. HP: 19/21 MP: 0/0
  1432 | D:1      | Reached skill level 3 in Spellcasting
  1630 | D:1      | Reached XP level 3. HP: 23/25 MP: 0/0
  1630 | D:1      | Learned a level 1 spell: Freeze
  2352 | D:1      | Found a faded altar of an unknown god.
  3787 | D:3      | Reached XP level 4. HP: 25/31 MP: 0/0
  4218 | D:3      | Reached XP level 5. HP: 32/35 MP: 0/0
  4218 | D:3      | Learned a level 2 spell: Static Discharge
  4670 | D:3      | Reached skill level 4 in Spellcasting
  4972 | D:3      | Noticed Robin
  4978 | D:3      | Reached skill level 1 in Armour
  4979 | D:3      | Killed Robin
  4980 | D:3      | Reached XP level 6. HP: 26/40 MP: 0/0
  5413 | D:3      | Noticed Jessica
  5430 | D:3      | Killed Jessica
  5716 | D:3      | Found a sparkling altar of Nemelex Xobeh.
  5718 | D:3      | Found a snail-covered altar of Cheibriados.
  6544 | D:4      | Noticed a necrophage
  6556 | D:4      | Killed a necrophage
  6557 | D:4      | Reached skill level 5 in Spellcasting
  6557 | D:4      | Reached XP level 7. HP: 41/45 MP: 0/0
  6557 | D:4      | Learned a level 2 spell: Poisonous Vapours
  7141 | D:5      | Entered Level 5 of the Dungeon
  7143 | D:5      | Found a staircase to the Ecumenical Temple.
  7152 | Temple   | Entered the Ecumenical Temple
  7201 | Temple   | Became a worshipper of Gozag Ym Sagoz the Greedy
  7760 | D:5      | Reached XP level 8. HP: 32/50 MP: 0/0
  7797 | D:5      | Reached skill level 6 in Spellcasting
  8807 | D:6      | Reached skill level 7 in Spellcasting
  9164 | D:6      | Reached XP level 9. HP: 54/56 MP: 0/0
  9164 | D:6      | Learned a level 4 spell: Hailstorm
  9190 | D:6      | Found a shadowy altar of Dithmenos.
  9423 | D:6      | Found Moerryuk's General Store.
  9478 | D:6      | Bought a scroll of magic mapping for 52 gold pieces
  9592 | D:6      | Noticed Edmund
  9598 | D:6      | Killed Edmund
  9672 | D:6      | Reached skill level 8 in Spellcasting
 10358 | D:7      | Reached skill level 1 in Fighting
 10522 | D:7      | Reached skill level 1 in Axes
 10651 | D:7      | Noticed Dowan
 10653 | D:7      | Noticed Duvessa
 10655 | D:7      | Killed Duvessa
 10660 | D:7      | Killed Dowan
 11121 | D:8      | Noticed Joseph
 11333 | D:8      | Killed Joseph
 11334 | D:8      | Reached skill level 9 in Spellcasting
 11334 | D:8      | Reached XP level 10. HP: 58/67 MP: 0/0
 11378 | D:8      | Noticed Prince Ribbit
 11386 | D:8      | Killed Prince Ribbit
 11859 | D:8      | Reached skill level 10 in Spellcasting
 12486 | D:9      | Noticed Grum
 12494 | D:9      | Killed Grum
 12652 | D:9      | Identified the +2 leather armour of Dramatic Exits {rPois
                  | Dex+4}
 12702 | D:9      | Reached XP level 11. HP: 72/74 MP: 0/0
 12702 | D:9      | Learned a level 5 spell: Silence
 12747 | D:9      | Found a staircase to the Lair.
 12774 | D:9      | Noticed Maurice
 12783 | D:9      | Killed Maurice
 12784 | D:9      | Reached skill level 5 in Fighting
 12858 | D:9      | Reached skill level 11 in Spellcasting
 13953 | D:9      | Noticed a cyclops
 13959 | D:9      | Killed a cyclops
 14092 | D:9      | Identified the +9 war axe of the Final Chapter {vorpal,
                  | +Blink rF+ Dex+4 SInv}
 14311 | D:9      | Noticed a two-headed ogre
 14336 | D:9      | Killed a two-headed ogre
 14363 | D:10     | Entered Level 10 of the Dungeon
 14424 | D:10     | Noticed Fannar
 14433 | D:10     | Killed Fannar
 15421 | D:10     | Identified the ring "Niolem" {MP+9 Str+6}
 15425 | D:10     | Found a runed translucent door.
 15538 | D:10     | Found a shimmering altar of Xom.
 15538 | D:10     | Noticed Zeld's ghost (journeyman MiFi)
 15538 | D:10     | Noticed a +1 hand axe of chaos
 15625 | D:11     | Reached skill level 12 in Spellcasting
 15628 | D:11     | Noticed a two-headed ogre
 15640 | D:11     | Killed a two-headed ogre
 15641 | D:11     | Reached XP level 12. HP: 79/84 MP: 0/0
 15890 | D:11     | Found a staircase to the Orcish Mines.
 16667 | D:11     | Found Cipritoc's Weapon Shop.
 16803 | D:11     | Identified the +4 hand axe of Xowicsao {drain, rN+ Will+}
 16851 | Orc:1    | Entered Level 1 of the Orcish Mines
 17344 | Orc:2    | Entered Level 2 of the Orcish Mines
 17432 | Orc:2    | Noticed a two-headed ogre
 17452 | Orc:2    | Killed a two-headed ogre
 17453 | Orc:2    | Reached skill level 1 in Shields
 17615 | Orc:2    | Noticed a two-headed ogre
 17626 | Orc:2    | Killed a two-headed ogre
 17992 | Orc:2    | Reached skill level 5 in Dodging
 18007 | Orc:2    | Noticed Josephine
 18034 | Orc:2    | Killed Josephine
 18415 | Orc:1    | Noticed Snorg
 18453 | Orc:2    | Killed Snorg
 18454 | Orc:2    | Reached XP level 13. HP: 38/92 MP: 0/0
 18454 | Orc:2    | Learned a level 5 spell: Lee's Rapid Deconstruction
 18795 | Orc:2    | Reached skill level 13 in Spellcasting
 19078 | Orc:2    | Noticed Saint Roka
 19307 | Orc:2    | Found Dinkoa's Book Shoppe.
 19763 | Orc:2    | Found Decowne's Distillery.
 19818 | Orc:2    | Noticed an orc warlord
 19830 | Orc:2    | Killed an orc warlord
 20037 | Orc:2    | Bought a potion of brilliance for 56 gold pieces
 20037 | Orc:2    | Bought a potion of berserk rage for 70 gold pieces
 20037 | Orc:2    | Bought a potion of curing for 42 gold pieces
 20037 | Orc:2    | Bought a potion of heal wounds for 70 gold pieces
 20037 | Orc:2    | Bought a potion of curing for 42 gold pieces
 20037 | Orc:2    | Bought a potion of mutation for 112 gold pieces
 20037 | Orc:2    | Bought a potion of curing for 42 gold pieces
 20069 | Orc:2    | Bought a manual of Polearms for 1280 gold pieces
 20274 | Orc:2    | Noticed an orc warlord
 20290 | Orc:2    | Killed an orc warlord
 20617 | Orc:2    | Found Ugroygan's Distillery.
 20649 | Orc:2    | Bought a potion of resistance for 140 gold pieces
 20649 | Orc:2    | Bought a potion of curing for 42 gold pieces
 20649 | Orc:2    | Bought a potion of mutation for 112 gold pieces
 20649 | Orc:2    | Bought a potion of ambrosia for 112 gold pieces
 20649 | Orc:2    | Bought a potion of curing for 42 gold pieces
 20649 | Orc:2    | Bought a potion of brilliance for 56 gold pieces
 20649 | Orc:2    | Bought a potion of heal wounds for 70 gold pieces
 20680 | Orc:2    | Reached skill level 14 in Spellcasting
 20685 | Orc:2    | Found Angonog's Armour Shoppe.
 20728 | Orc:2    | Bought a +2 pair of gloves of dexterity for 258 gold pieces
 20728 | Orc:2    | Bought +0 swamp dragon scales for 600 gold pieces
 21457 | Orc:2    | Found a staircase to the Elven Halls.
 21464 | Elf:1    | Entered Level 1 of the Elven Halls
 21478 | Elf:1    | Reached XP level 14. HP: 82/101 MP: 0/0
 21991 | Elf:1    | Reached skill level 10 in Fighting
 22287 | Elf:1    | Found a transporter.
 22293 | Elf:1    | Paralysed by an air elemental for 1 turns
 22296 | Elf:1    | Paralysed by an air elemental for 1 turns
 22388 | Elf:1    | Noticed a deep elf elementalist
 22390 | Elf:1    | Noticed Brotato's ghost (adept SpEE)
 22414 | Elf:1    | Paralysed by an air elemental for 1 turns
 22416 | Elf:1    | Paralysed by an air elemental for 1 turns
 22418 | Elf:1    | Paralysed by an air elemental for 1 turns
 22770 | Elf:1    | Found a transporter.
 23266 | Elf:1    | Reached skill level 15 in Spellcasting
 25172 | Orc:2    | Killed Saint Roka
 25173 | Orc:2    | Reached skill level 1 in Crossbows
 25173 | Orc:2    | Reached XP level 15. HP: 41/109 MP: 0/0
 25173 | Orc:2    | Learned a level 6 spell: Simulacrum
 25824 | Elf:2    | Identified the +6 flail "Pefarak" {elec, rF+ Dex+2}
 26065 | Elf:2    | Reached skill level 16 in Spellcasting
 26368 | Elf:2    | Killed from afar by a deep elf knight

Illustrated notes

Levels and vault maps discovered:
D:1:      dpeg_arrival_round_a, layout_rooms,
          hellmonk_ecumenical_altar_inner_sanctum, hangedman_decor_push,
          minmay_close_crescents
D:2:      layout_basic
D:3:      layout_basic, jmf_multi_god_temple, serial_curves, eino_curves_01,
          eino_curves_01, eino_curves_02, kennysheep_generic_room_15,
          uniq_robin, uniq_jessica
D:4:      layout_loops_cross, dk_noncrumbling_4, kennysheep_orc_chapel
D:5:      layout_basic, minmay_temple_entry_junction
D:6:      layout_basic, nicolae_dithmenos_the_darkroom, serial_shops,
          nicolae_shop_advertising_works [nicolae_subvault_shop_adworks],
          uniq_edmund
D:7:      layout_cave_pools, serial_park, serial_park_tiny_1,
          serial_park_square3 [serial_park_minivault_5x5_1], serial_park_tiny_1,
          uniq_duvessa
D:8:      layout_loops_ring, minmay_holes, kennysheep_cross_room, st_stairs_6,
          uniq_prince_ribbit1, uniq_joseph
D:9:      layout_gridville, lair_entry_dummy, minmay_diamond_spiral,
          uniq_maurice, uniq_grum
D:10:     layout_long_grid, ebering_ghost_xom, hangedman_decor_diamond_cutter,
          uniq_fannar
D:11:     layout_irregular_city, david_orc_2, serial_shops, shop,
          evilmike_butchery
Temple:   mainiacjoe_temple_bowtie_tessellation
Orc:1:    layout_diamond_mine, uniq_snorg
Orc:2:    pubby_orc_utopia, uniq_saint_roka, uniq_josephine
Elf:1:    eino_elf_arrival_customs, layout_onion_city, basic_altar,
          gammafunk_ghost_arena, evilmike_minifort
Elf:2:    nicolae_elf_blades_splatter_lattice [nicolae_blade_entry_pointy_end],
          layout_geoelf_grid

Skill      XL: |  1  2  3  4  5  6  7  8  9 10 11 12 13 14 15 |
---------------+----------------------------------------------+-----
Spellcasting   | 3 4 5 7 9 10 12 14 15 16 | 16.2
Stealth        | 2 3 4 |  4.4
Armour         | 1 2 3 4 |  4.8
Fighting       | 3 4 6 8 9 10 11 | 11.2
Axes           | 1 4 |  4.9
Dodging        | 3 4 5 6 |  6.2
Shields        | 1 2 3 |  3.4
Crossbows      | 1 |  1.4
Evocations     | |  0.1

Action                   |  1- 3 |  4- 6 |  7- 9 | 10-12 | 13-15 || total
-------------------------+-------+-------+-------+-------+-------++-------
Melee: War axe           |       |       |    12 |   109 |    80 ||   201
 Fire: Hand crossbow     |       |       |       |       |    29 ||    29
 Cast: Foxfire           |    73 |    62 |    73 |   135 |    56 ||   399
       Scorch            |     7 |    27 |    49 |    71 |    26 ||   180
       Inner Flame       |       |     8 |    15 |    61 |    42 ||   126
       Static Discharge  |       |     1 |       |       |       ||     1
       Poisonous Vapours |       |       |    48 |   128 |    89 ||   265
       Flame Wave        |       |       |     1 |       |       ||     1
       Hailstorm         |       |       |     5 |     8 |     6 ||    19
       Freeze            |       |       |     4 |     2 |       ||     6
       Conjure Flame     |       |       |     1 |     1 |     3 ||     5
       Silence           |       |       |       |     1 |     4 ||     5
       Lee's Rapid Decon |       |       |       |       |   180 ||   180
 Abil: Evoke Blink       |       |       |       |     1 |     1 ||     2
Evoke: Wand              |       |       |       |     1 |       ||     1
       Phantom mirror    |       |       |       |     1 |       ||     1
  Use: Scroll            |       |       |     4 |     7 |    17 ||    28
       Potion            |       |       |       |       |     9 ||     9
 Stab: Sleeping          |       |       |       |       |     3 ||     3
       Distracted        |       |       |       |       |     1 ||     1
Armor: Robe              |     3 |       |       |       |       ||     3
       Leather armour    |       |     2 |    12 |    70 |    28 ||   112
Dodge: Dodged            |     8 |     6 |    39 |   121 |    73 ||   247
Block: Kite shield       |       |       |       |    48 |   127 ||   175
